 Dungeon Crawl Stone Soup version 0.15-a0-60-g2d7d1c5 (webtiles) character file.

48 PolkaDot the Ruinous (level 2, -11/19 HPs)
             Began as a Vampire Conjurer on Apr 6, 2014.
             Mangled by a wyvern (12 damage)
             ... on Level 2 of the Dungeon.
             The game lasted 00:05:18 (1050 turns).

PolkaDot the Ruinous (Vampire Conjurer)             Turns: 1050, Time: 00:05:18

HP -11/19        AC  2     Str  7      XL: 2   Next: 93%
MP   7/13        EV 12     Int 17      God:
Gold 21          SH  0     Dex 14      Spells:  2 memorised,  2 levels left

rFire  . . .     SeeInvis +     h - +0 dagger (venom)
rCold  . . .     Clarity  .     a - +0 robe
rNeg   . . .     Conserve .     (no shield)
rPois  .         rCorr    .     q - +0 hat
rElec  .         rRot     .     (no cloak)
SustAb . .       Spirit   .     (no gloves)
rMut   .         Warding  .     (no boots)
Saprov . . .     Stasis   .     (no amulet)
MR     .....                    (no ring)
                                p - ring of magical power

@: regenerating quickly, very slightly contaminated, not resistant to hostile
enchantments, stealthy
A: fangs 3, see invisible, unbreathing
a: no special abilities


You were on level 2 of the Dungeon.
You were very full.

You visited 1 branch of the dungeon, and saw 2 of its levels.

You collected 21 gold pieces.

Inventory:

Hand weapons
 h - a +0,+0 dagger of venom (weapon)
Armour
 a - a +0 robe (worn)
 q - a +0 hat (worn)
Scrolls
 b - 3 scrolls of identify {unknown}
 e - a scroll of remove curse {unknown}
 g - a scroll of fog {unknown}
 j - a scroll of blinking {unknown}
 k - a scroll of enchant weapon I {unknown}
 l - a scroll of noise {unknown}
 m - a scroll of immolation {unknown}
 n - 2 scrolls of magic mapping {unknown}
 o - a scroll of fear {unknown}
Jewellery
 p - a ring of magical power (left hand)
Potions
 d - a potion of flight {unknown}
 f - a potion of curing {unknown}
Books
 c - a book of Conjurations

   Spells                             Type                      Level
   *Magic Dart                        Conjuration                  1
   *Searing Ray                       Conjuration                  2
   Dazzling Spray                     Conjuration/Hexes            3
   Fulminant Prism                    Conjuration/Hexes            4
   Iskenderun's Mystic Blast          Conjuration                  4
   Iskenderun's Battlesphere          Conjuration/Charms           5


   Skills:
 - Level 2.1 Dodging
 - Level 3.0 Stealth
 - Level 2.0 Spellcasting
 * Level 3.7 Conjurations


You had 2 spell levels left.
You knew the following spells:

 Your Spells              Type           Power        Failure   Level  Hunger
a - Magic Dart            Conj           ##..         4%          1    #......
s - Searing Ray           Conj           ##....       10%         2    ###....


Dungeon Overview and Level Annotations

Branches:
Dungeon (2/15)

Altars:


Innate Abilities, Weirdness & Mutations

Your natural rate of healing is unusually fast.
You have razor-sharp teeth.
You have supernaturally acute eyesight.
You can survive without breathing.


Message History

* * * LOW HITPOINT WARNING * * *
The wyvern bites you.
* * * LOW HITPOINT WARNING * * *
The searing ray hits the wyvern.
The wyvern is severely wounded.
The wyvern misses you.
Drink which item? (? for menu, Esc to quit)
Okay, then.
The wyvern bites you.
* * * LOW HITPOINT WARNING * * *
Drink which item? (? for menu, Esc to quit)
You feel much better.
It was a potion of heal wounds.
The wyvern bites you!
Ouch! That really hurt!
Drink which item? (? for menu, Esc to quit)
You feel much better. The wyvern bites you!
Ouch! That really hurt!
* * * LOW HITPOINT WARNING * * *
The wyvern bites you!
Ouch! That really hurt!
You die...

.............##
...............#
..........).....#
......⌠..⌠.......#
...
......)♣♣......%.+
...
......(♣♣...)?...+
...
.......⌠..⌠.......#
..#
...........D......#
..#
..$........@......#
..#
#................##
..# #.............(##
..# ##............##
#.#######..........##
........##........##
#.#####.#####''####
...............#
...####.#.....>#


You could see a wyvern.

Vanquished Creatures
  A giant eyeball (D:2)
  A giant gecko (D:1)
  An ooze (D:1)
  2 ball pythons
  4 bats
  2 goblins (D:1)
  6 hobgoblins
  2 kobolds
  A giant newt (D:1)
  A rat (D:1)
21 creatures vanquished.

Notes
Turn   | Place    | Note
--------------------------------------------------------------
     0 | D:1      | PolkaDot, the Vampire Conjurer, began the quest for the Orb.
     0 | D:1      | Reached XP level 1. HP: 13/13 MP: 3/3
   269 | D:1      | Reached XP level 2. HP: 16/19 MP: 4/4
   595 | D:1      | Learned a level 2 spell: Searing Ray
  1035 | D:2      | Noticed a wyvern
  1050 | D:2      | Mangled by a wyvern

Action                   || total
-------------------------++-------
Melee: Dagger            ||    24
       Unarmed           ||     3
 Cast: Magic Dart        ||    34
       Searing Ray       ||     1
  Use: Potion            ||     3
 Stab: Sleeping          ||     2
